Workbook
Name _Toc217116400: '1. Budget Guidelines'!$A$1
Name _Toc217116403: '1. Budget Guidelines'!$B$58
Name _Toc217116405: '1. Budget Guidelines'!$A$66

Sheet 1.  Budget Guidelines
A1: A1.6 BUDGET GUIDELINES
A2: In addition to the budget information required on the SF-424A, applicants must provide the following three elements as part of the budget submission:
A3: A. | B3: Summary Budget (using the OMB cost categories, see SF-425A)
A4: B. | B4: Detailed Line Item Budget (Direct and Indirect Costs)
A5: C. | B5: Budget Narrative
A7: A1.6A Summary Budget (TEMPLATE ON TAB 3, autofills from Tab 2 "Detailed Budget")
A9: A1.6B Detailed Line Item Budget (TEMPLATE ON TAB 2)
A10: Applicants must provide a detailed line-item budget (in Microsoft Excel or similar spreadsheet format) outlining specific cost requirements within each of the summary budget categories.
A11: · | B11: 10 font or larger; must fit on 8x11 letter sized paper, not legal size
A12: · | B12: Any cost sharing should be included in a separate column. See Section A1.6D below
A13: · | B13: The budget should be for the entire project period. Successful applicants may be asked to provide a year-by- year budget after the award is signed.
A14: · | B14: All sub-award costs should be listed under Line F, Contractual, and should also be broken out and organized according to the subcategories. All sub-awardees must be organizations with DUNS numbers (certain exceptions apply).
A15: · | B15: All line items must be described in the budget narrative (see A1.6C)
A17: The budget sample on Tab 2 is an example of the required format, but is not exhaustive: your budget might have additional items not listed here. Please edit it to reflect your planned expenditures.
A19: A1.6C Budget Narrative
A20: Include a budget narrative (preferably in Microsoft Word format) to explain each line-item and how the amounts were derived, as well as the source and description of all cost-share offered.
A22: Personnel – Identify staffing requirements by each position title and brief description of duties. List annual salary of each position, percentage of time and number of months devoted to project (e.g., Administrative Director: $30,000/year x 25% x 8.5 months; calculation: $30,000/12 = $2,500 x 25% x 8.5 months = $5,312).
A24: Fringe Benefits - State benefit costs separately from salary costs and explain how benefits are computed for each category of employee - specify type and rate.
A26: Travel - Staff and participant travel, including international and in-country travel, domestic U.S. travel, if any, and per diem/maintenance: includes lodging, meals and incidentals for both participant and staff travel.
A27: http://www.gsa.gov/portal/category/100000
A29: Explain differences in fares among travelers on the same routes: e.g., project staff member traveling for three weeks whose fare is higher than that of staff member traveling for four months. All travel must be in compliance with the Fly America Act.
A31: Equipment –provide justification for any equipment purchase/rental, defined as tangible personal property having a useful life of more than one year and an acquisition cost of $5000 or more.
A33: Supplies - list items separately using unit costs (and the percentage of each unit cost being charged to the grant) for photocopying, postage, telephone/fax, printing, and office supplies (e.g., Telephone: $50/month x 50% = $25/month x 12 months).
A35: Contractual – For each subgrant/contract please provide a detailed line item breakdown explaining specific services. In the subaward budgets, provide the same level of detail for all line items (personnel, travel, supplies, direct costs, etc) required of the direct applicant.
A37: Other Direct Costs - these will vary depending on the nature of the project. Justify each in the budget narrative.
A39: Indirect Charges - See 2 CFR 200 for non-profit organizations; Federal Acquisition Regulation (FAR) 48 CFR part 31 for commercial firms.
A40: · | B40: If your organization has an indirect cost-rate agreement (NICRA) with the U.S. Government, a copy must be included with the application.
A41: · | B41: If your organization has never had a NICRA, you may request a flat indirect cost rate of 10% of Modified Direct Costs as defined in 2 CFR 200
A42: · | B42: Indicate how the rate is applied--to direct administrative expenses, to all direct costs, to wages and salaries only, etc.
A43: · | B43: If sub-Grantees are claiming indirect costs, they should have an established NICRA that is also submitted with the proposal package
A44: · | B44: Under most NICRA agreements, indirect costs are not charged to participant expenses.
A46: The Bureau WILL CONSIDER budgeted line items for :
A48: · | B48: Independent evaluations to assess the project’s impact (costs must be built into the overall original budget proposal and must be reasonable);
A49: · | B49: Costs associated with an internal evaluation conducted by the applicant (costs must be built into the overall original budget proposal and must be reasonable).
A50: · | B50: Visa Fees and Immunizations associated with program travel.
B51: 1
B52: The Bureau WILL NOT CONSIDER budgeted line items for:
A53: · | B53: Any unallowable costs, as described in 2 CFR 200 (or FAR CFR part 31 for commercial firms)
A54: · | B54: Projects designed to advocate policy views or positions of foreign governments or views of a particular political faction;
A55: · | B55: Alcoholic beverages
A57: Before grants are awarded, the Bureau reserves the right to reduce, revise, or increase proposal budgets in accordance with the Bureau’s program needs and availability of funds.
A59: A1.6D Cost Share
A61: Cost sharing is the portion of program cost not borne by Dept of State.
A62: If cost share is included, it should be listed as a separate column in the budgets. Cost share can be either cash or in-kind; assign a US dollar monetary value to each in-kind contribution. If the proposed project is a component of a larger program, identify other funding sources for the proposal and indicate the specific funding amount to be provided by those sources.
A63: Applicants should consider all types of cost sharing. Examples include the use of office space owned by other entities; donated or borrowed supplies and equipment; (non-federal) sponsored travel costs; waived indirect costs; and program activities, translations, or consultations. The values of offered cost share should be reported in accordance with 2 CFR 200. Other federal funding does not constitute cost sharing.
A64: The recipient of an assistance award must maintain written records to support all allowable costs which are claimed as its contribution to cost-share, as well as costs to be paid by the Federal government. Such records are subject to audit. The basis for determining the value of cash and in-kind contributions must be in accordance with 2 CFR 200. In the event the recipient does not meet the amount of cost-sharing stipulated in their application, the Bureau’s contribution may be reduced in proportion to the recipient’s stated contribution.
A66: A1.6E Office of Management and Budget (OMB) Circulars
A67: Organizations should be familiar with 2 CFR 200 "UNIFORM ADMINISTRATIVE REQUIREMENTS, COST PRINCIPLES, AND AUDIT REQUIREMENTS FOR FEDERAL AWARDS"

Sheet 2. Summary Budget Template
A1: SAMPLE Summary BUDGET
A2: Organization Name
A3: Project Title
A4: Project Duration
D6: Requested Federal Funds
A8: A | C8: Personnel | D8: ='3. Detailed Budget Template'!H15 -> 0
A9: B | C9: Fringe Benefits | D9: ='3. Detailed Budget Template'!H19 -> 0
A10: C | C10: Travel | D10: ='3. Detailed Budget Template'!H25 -> 0
A11: D | C11: Equipment | D11: ='3. Detailed Budget Template'!H29 -> 0
A12: E | C12: Supplies | D12: ='3. Detailed Budget Template'!H32 -> 0
A13: F | C13: Contractual | D13: ='3. Detailed Budget Template'!H42 -> 0
A14: G | C14: Construction | D14: ='3. Detailed Budget Template'!H44 -> 0
A15: H | C15: Other Direct Costs | D15: ='3. Detailed Budget Template'!H48 -> 0
A16: I | C16: Total Direct charges | D16: ='3. Detailed Budget Template'!H49 -> 0
A17: J | C17: Total Indirect costs | D17: ='3. Detailed Budget Template'!H50 -> 0
A18: K | C18: Total Project Cost | D18: =SUM(D16:D17) -> 0
A19: L | C19: Cost Share (if applicable) | D19: 0
A21: * line item amounts auto-fill from "Detailed Grant Budget Template" tab

Sheet 3. Detailed Budget Template
A1: SAMPLE LINE-ITEM BUDGET
A2: Organization Name | F2: Organization Name
A3: Project Title | F3: Project Title
A4: Project Duration | F4: Project duration
D6: Unit Cost | H6: Requested Federal Funds | J6: Cost-Share by Applicant | L6: Program Total
D7: Unit | E7: Number | F7: Amount | G7: Rate
A8: A | C8: Personnel | D8: months or years | F8: salary (month or year) | G8: % effort
A9: A.1 | C9: US-Based personnel
A10: A.1.1 | C10: Project Manager | H10: =(E10*F10)*G10 -> 0 | L10: =H10+J10 -> 0
A11: A.1.2 | C11: Project Officer, etc. | H11: =(E11*F11)*G11 -> 0 | L11: =H11+J11 -> 0
A12: A.2 | C12: Field Personnel | L12: =H12+J12 -> 0
A13: A.2.1 | C13: ie , etc. | H13: =(E13*F13)*G13 -> 0 | L13: =H13+J13 -> 0
A14: A.2.2 | C14: ie , etc. | H14: =(E14*F14)*G14 -> 0 | L14: =H14+J14 -> 0
A15: Subtotal Personnel | H15: =SUM(H10:H14) -> 0 | J15: =SUM(J10:J14) -> 0 | L15: =H15+J15 -> 0
A16: B | C16: Fringe Benefits
A17: B.1 | C17: US-Based Personnel Fringe Benefits | L17: =H17+J17 -> 0
A18: B.2 | C18: Field Personnel Fringe Benefits | L18: =H18+J18 -> 0
A19: Subtotal Fringe Benefits | H19: =SUM(H17:H18) -> 0 | J19: =SUM(J17:J18) -> 0 | L19: =H19+J19 -> 0
A20: C | C20: Travel | D20: # people | E20: # days | F20: Cost
A21: C.1 | C21: Airfare international (from…to…, one way/RT?) | H21: =D21*F21 -> 0 | L21: =H21+J21 -> 0
A22: C.1.1 | C22: Per diem (Country/City) | L22: =H22+J22 -> 0
A23: C.2 | C23: Domestic Travel Only
A24: C.2.1 | C24: ie local staff per diem for monitoring | L24: =H24+J24 -> 0
A25: Subtotal Travel | H25: =SUM(H21:H24) -> 0 | J25: =SUM(J21:J24) -> 0 | L25: =H25+J25 -> 0
A26: D | C26: Equipment (> $5,000 per unit ) | E26: # units | F26: unit cost
A27: D.1 | C27: (description, ie generators) | H27: =E27*F27 -> 0 | L27: =H27+J27 -> 0
A28: D.2 | C28: (description) | H28: =E28*F28 -> 0 | L28: =H28+J28 -> 0
A29: Subtotal Equipment | C29: Sub Total Equipment | H29: =SUM(H27:H28) -> 0 | J29: =SUM(J27:J28) -> 0 | L29: =H29+J29 -> 0
A30: E | C30: Supplies (< $5,000 per unit) | E30: # units | F30: unit cost
A31: E.1 | C31: (description) | H31: =E31*F31 -> 0
A32: Subtotal Supplies | C32: Sub Total Supplies | H32: =SUM(H31:H31) -> 0 | J32: =SUM(J31:J31) -> 0
A33: F | C33: Contractual (Subrecipients, Subcontracts, and Consultant fees)
A34: F.1 | C34: Contractual Sub grantee #1 (NAME)
A35: F.1.1 | C35: Personnel | L35: =H35+J35 -> 0
A36: F.1.2 | C36: Fringe Benefits (if applicable) | L36: =H36+J36 -> 0
A37: F.1.3 | C37: Travel (if applicable) | D37: # people | E37: # days | F37: Cost | L37: =H37+J37 -> 0
A38: F.1.3.1 | C38: Airfare (from/to, one way/RT) | H38: =D38*E38*F38 -> 0 | L38: =H38+J38 -> 0
A39: F.1.3.2 | C39: Per diem (Country/City) | H39: =D39*E39*F39 -> 0 | L39: =H39+J39 -> 0
A40: F.1.4 | C40: all else that applies, expenses separately | L40: =H40+J40 -> 0
A41: Subtotal sub grantee #1 (NAME) | H41: =SUM(H35:H40) -> 0 | J41: =SUM(J35:J40) -> 0 | L41: =H41+J41 -> 0
A42: Subtotal Contractual (all sub grantees) | H42: =H41 -> 0 | J42: =SUM(J41) -> 0 | L42: =H42+J42 -> 0
A43: G | C43: Contruction
A44: G.1 | C44: (description) | H44: 0 | J44: 0 | L44: =H44+J44 -> 0
A45: H | C45: Other Direct Costs
A46: H.1 | C46: All else that does not fall into above categories | L46: =H46+J46 -> 0
A47: H.2 | C47: Insert indirect/overhead costs here if organization does not have a NICRA | L47: =H47+J47 -> 0
A48: Subtotal Other Direct Costs | H48: =SUM(H46:H47) -> 0 | J48: =SUM(J46:J47) -> 0 | L48: =H48+J48 -> 0
A49: I | C49: Total Direct Costs | H49: =H15+H19+H25+H29+H32+H42+H44+H48 -> 0 | J49: =J15+J19+J25+J29+J32+J42+J44+J48 -> 0 | L49: =H49+J49 -> 0
A50: J | C50: Indirect Costs | D50: (NICRA - final, provisional, predetermined) or de minimus flat rate of 10% of MTDC | H50: 0 | J50: 0 | L50: =H50+J50 -> 0
A51: K | C51: Total Project Cost | D51: (must match award amount) | H51: =SUM(H49:H50) -> 0 | J51: =SUM(J49:J50) -> 0 | L51: =H51+J51 -> 0

Sheet Sheet1
